 Dungeon Crawl Stone Soup version 0.23.2-1-ga50397a6bc (webtiles) character file.

Game seed: 6891325158073074367

771 Peloso the Shield-Bearer (level 7, 0/61 HPs)
             Began as a Minotaur Fighter on Apr 26, 2019.
             Slain by an orc warrior
             ... wielding a +0 mace
              (9 damage)
             ... on level 6 of the Dungeon.
             The game lasted 00:06:11 (2408 turns).

Peloso the Shield-Bearer (Minotaur Fighter)         Turns: 2408, Time: 00:06:12

Health: 0/61       AC: 11    Str: 21    XL:     7   Next: 53%
Magic:  6/6        EV: 12    Int:  5    God:
Gold:   139        SH: 11    Dex: 16    Spells: 6/6 levels left

rFire    . . .     SeeInvis .   a - +0 long sword
rCold    . . .     Gourm    .   c - +0 shield
rNeg     . . .     Faith    +   n - +0 chain mail
rPois    .         Spirit   .   (helmet restricted)
rElec    .         Reflect  .   l - +0 cloak
rCorr    .         Harm     .   (no gloves)
MR       .....                  (no boots)
Stlth    ..........             i - amulet of faith
HPRegen  0.20/turn              d - ring of stealth
MPRegen  0.10/turn              (no ring)

@: agile
A: retaliatory headbutt, horns 2
a: no special abilities


You were on level 6 of the Dungeon.
You were not hungry.

You visited 1 branch of the dungeon, and saw 5 of its levels.

You collected 139 gold pieces.

Inventory:

Hand Weapons
 a - a +0 long sword (weapon)
 m - a +4 short sword of holy wrath
 p - a +0 hand axe of flaming
Armour
 b - a +0 scale mail
 c - a +0 shield (worn)
 l - a +0 cloak (worn)
 n - a +0 chain mail (worn)
Jewellery
 d - a ring of stealth (left hand)
 i - an amulet of faith (around neck)
Scrolls
 e - 7 scrolls of remove curse {unknown}
 g - 6 scrolls of identify {unknown}
 h - 4 scrolls of enchant weapon {unknown}
 j - 2 scrolls of amnesia {unknown}
 r - a scroll of immolation {unknown}
 s - 2 scrolls of teleportation {unknown}
Potions
 q - a potion of berserk rage {unknown}
 t - a potion of heal wounds {unknown}
Comestibles
 f - 5 rations


   Skills:
 + Level 5.3 Fighting
 + Level 0.6(3.4) Short Blades
 + Level 5.9(6.0) Long Blades
 + Level 5.6 Armour
 + Level 1.9 Dodging
 + Level 0.1 Stealth
 + Level 6.5 Shields


You had 6 spell levels left.
You didn't know any spells.
Your spell library contained the following spells:

 Spells                   Type           Power        Failure   Level  Hunger
 Freeze                   Ice            #...         100%        1    ##.....
 Summon Small Mammal      Summ           #...         100%        1    ##.....
 Call Imp                 Summ           #.......     100%        2    ###....
 Throw Frost              Conj/Ice       #.....       100%        2    ###....
 Call Canine Familiar     Summ           #.......     100%        3    ####...
 Ozocubu's Armour         Chrm/Ice       #.......     100%        3    ####...
 Summon Guardian Golem    Hex/Summ       #.......     100%        3    ####...
 Summon Ice Beast         Ice/Summ       #.......     100%        4    #####..
 Summon Lightning Spire   Summ/Air       #.......     100%        4    #####..
 Throw Icicle             Conj/Ice       #.......     100%        4    #####..


Dungeon Overview and Level Annotations

Branches:
Dungeon (4/15)
 Temple: D:4-7

Altars:
Ru
Trog
Xom

Shops:
D:6 (


Innate Abilities, Weirdness & Mutations

You reflexively headbutt those who attack you in melee.
You have a pair of horns on your head.


Message History

The orc warrior is moderately wounded.
The orc warrior hits you with a +0 mace!
The hound barks!
You hit the orc warrior. You headbutt the orc warrior!
The orc warrior is severely wounded.
The orc warrior hits you with a +0 mace.
You hit the orc warrior but do no damage.
You headbutt the orc warrior.
The orc warrior is almost dead.
The orc warrior hits you with a +0 mace!
* * * LOW HITPOINT WARNING * * *
You hit the orc warrior.
You headbutt the orc warrior, but do no damage.
The orc warrior is almost dead.
The orc warrior hits you with a +0 mace.
* * * LOW HITPOINT WARNING * * *
It was a potion of agility.
You feel agile all of a sudden.
The orc warrior hits you with a +0 mace!
You die...

#....... #....... .
#......# ..
#......####...
#.....).......
#........ #oo.$..#.
#####oSh...._ ####
#...@#####.#.
......#####....### ..
......+............ .
......###......####
......###......#
.......[).....######
........[.[...##...###
..............##.....
######....)....#...####


You could see an orc warrior, a hound, an adder and 2 orcs.

Vanquished Creatures
  Sigmund (D:2)
  An orc warrior (D:6)
  A howler monkey (D:4)
  A crimson imp (D:6)
  A bullfrog skeleton (D:6)
  5 orc priests
  2 orc wizards (D:4)
  Terence (D:2)
  A worker ant (D:4)
  6 adders
  An ooze (D:1)
  2 worms
  A dart slug (D:3)
  A leopard gecko (D:2)
  17 orcs
  5 bats
  2 giant cockroaches
  9 goblins
  11 hobgoblins
  4 jackals (D:3)
  2 quokkas
  3 ball pythons
  7 frilled lizards
  8 kobolds
  3 rats (D:1)
96 creatures vanquished.

Vanquished Creatures (others)
  An orc wizard (D:4)
1 creature vanquished.

Grand Total: 97 creatures vanquished

Notes
Turn   | Place    | Note
-------+----------+-------------------------------------------
     0 | D:1      | Peloso the Minotaur Fighter began the quest for the Orb.
     0 | D:1      | Reached XP level 1. HP: 19/19 MP: 0/0
   451 | D:1      | Reached XP level 2. HP: 27/27 MP: 1/1
   535 | D:2      | Reached skill level 4 in Shields
   620 | D:2      | Reached XP level 3. HP: 33/33 MP: 2/2
   688 | D:2      | Found a bloodstained altar of Trog.
   751 | D:2      | Reached XP level 4. HP: 33/40 MP: 3/3
   870 | D:2      | Noticed Terence
   883 | D:2      | Killed Terence
   978 | D:2      | Noticed Sigmund
   994 | D:2      | Killed Sigmund
   994 | D:2      | Reached skill level 5 in Armour
   994 | D:2      | Reached skill level 1 in Dodging
   994 | D:2      | Reached skill level 5 in Shields
   994 | D:2      | Reached XP level 5. HP: 36/47 MP: 4/4
  1058 | D:2      | Reached XP level 6. HP: 49/53 MP: 5/5
  1950 | D:4      | Found a shimmering altar of Xom.
  1971 | D:4      | Reached skill level 6 in Shields
  1973 | D:4      | Reached skill level 5 in Long Blades
  2050 | D:4      | Reached XP level 7. HP: 50/60 MP: 6/6
  2051 | D:4      | You fall through a shaft for 2 floors!
  2052 | D:6      | Found Lawker's Antique Weapon Shoppe.
  2109 | D:6      | Reached skill level 5 in Fighting
  2386 | D:6      | Found a sacrificial altar of Ru.
  2408 | D:6      | Slain by an orc warrior

Skill      XL: |  1  2  3  4  5  6  7 |
---------------+----------------------+-----
Armour         | 4 5 |  5.6
Fighting       | 4 5 |  5.3
Shields        | 4 5 6 |  6.5
Long Blades    | 3 4 5 |  5.9
Dodging        | 1 |  1.9
Short Blades   | |  0.6
Stealth        | |  0.1

Action                   |  1- 3 |  4- 6 |  7- 9 || total
-------------------------+-------+-------+-------++-------
Melee: Long sword        |    60 |   154 |    44 ||   258
       Headbutt          |     8 |    26 |    11 ||    45
       Short sword       |       |    24 |       ||    24
  Use: Potion            |     1 |       |     2 ||     3
  Eat: Chunk             |       |     4 |     1 ||     5
Armor: Scale mail        |    33 |     4 |       ||    37
       Chain mail        |       |   103 |    15 ||   118
Dodge: Dodged            |    22 |    45 |     6 ||    73
Block: Shield            |    47 |   109 |    22 ||   178
       Rpst.: Long sword |     5 |    14 |     1 ||    20
